 Dungeon Crawl Stone Soup version 0.30-b1-2-g02819fbbbe (webtiles) character file.

Game seed: 4073074908917413019

381 Alarkh the Insei (level 6, 50/50 HPs)
             Began as a Demonspawn Chaos Knight on May 20, 2023.
             Was a Plaything of Xom.
             Got out of the dungeon alive.
             The game lasted 00:03:27 (2387 turns).

Alarkh the Insei (Demonspawn Chaos Knight)          Turns: 2387, Time: 00:03:27

Health: 50/50      AC: 10    Str: 18    XL:     6   Next: 46%
Magic:  6/6        EV: 11    Int: 16    God:    Xom [....*.]
Gold:   104        SH:  0    Dex: 12    Spells: 5/5 levels left

rFire   + .          .
                       - Unarmed
rCold   . . .        (no shield)
rNeg    . . .        a - +2 leather armour
rPois   .            i - +2 helmet
rElec   .            (no cloak)
rCorr   .            (no gloves)
SInv    .            (no boots)
Will    .....        n - amulet of guardian spirit
Stlth   +            m - +6 ring of strength
HPRegen 0.28/turn    f - ring of protection from fire
MPRegen 0.10/turn

%: guardian spirit
@: no status effects
A: hooves 1, icy blue scales 1, powered by death 1, spiny 1
a: Renounce Religion


You escaped.
You worshipped Xom.
You were a beloved toy of Xom.
You visited 1 branch of the dungeon, and saw 4 of its levels.

You collected 104 gold pieces.

Inventory:

Hand Weapons
 l - a +1 dagger of venom
Armour
 a - a +2 leather armour (worn)
 i - a +2 helmet (worn)
Jewellery
 c - a +6 ring of intelligence
 f - a ring of protection from fire (right hand)
 m - a +6 ring of strength (left hand)
 n - an amulet of guardian spirit (around neck)
 q - a ring of wizardry
Scrolls
 e - 2 scrolls of poison
 h - a scroll of enchant armour {unknown}
 k - 2 scrolls of vulnerability {unknown}
 o - a scroll of amnesia {unknown}
 r - a scroll of identify
 s - a scroll of fog {unknown}
Potions
 d - 2 potions of haste {unknown}
 g - a potion of curing
 j - a potion of heal wounds {unknown}
 p - 2 potions of brilliance {unknown}
 t - a potion of invisibility
Miscellaneous
 b - a piece from Xom's chessboard (15/15) (quivered)


   Skills:
 + Level 4.8 Fighting
 - Level 1.7 Armour
 - Level 0.8 Dodging
 * Level 5.7 Unarmed Combat


You had 5 spell levels left.
You didn't know any spells.
Your spell library contained the following spells:

 Spells                   Type           Power      Damage    Failure   Level
 Sublimation of Blood     Necr           0%         N/A       41%         2
 Wereblood                Tmut           0%         N/A       41%         2
 Summon Hydra             Summ           0%         N/A       100%        7


Dungeon Overview and Level Annotations

Branches:
Dungeon (4/15)
 Temple: D:4-7

Altars:
Fedhas


Innate Abilities, Weirdness & Mutations

You have large cloven feet.
You are partially covered in icy blue scales. (AC +2)
You regenerate a little health from kills.
You are partially covered in sharp spines.


Message History

You hit the sleepcap.
You punch the sleepcap, but do no damage.
The sleepcap is lightly damaged.
The sleepcap is struck by your spines. The sleepcap barely misses you.
You hit the sleepcap. You kick the sleepcap.
The sleepcap is moderately damaged.
The sleepcap misses you.
You hit the sleepcap but do no damage. You punch the sleepcap.
The sleepcap is moderately damaged.
The sleepcap releases spores at you but does no damage.
You hit the sleepcap. You kick the sleepcap.
The sleepcap is severely damaged.
You hit the sleepcap but do no damage. You kick the sleepcap.
The sleepcap is severely damaged.
The sleepcap closely misses you.
You hit the sleepcap.
You kick the sleepcap, but do no damage.
The sleepcap is almost destroyed.
The sleepcap is struck by your spines.
You destroy the sleepcap!
No target in view!
(D) Dungeon
Where to? (Enter - D:1, ? - help)
You see here an amulet of guardian spirit.
You see here a +0 giant club.
There is a stone staircase leading up here.
You climb upwards.
There is a stone staircase leading down here.
There is a stone staircase leading up here.
You climb upwards.
There is a stone staircase leading down here.
There is a stone staircase leading up here.
You climb upwards.
There is a stone staircase leading down here.
(D) Dungeon
Where to? (Enter - D:1, ? - help)
Okay, then.
There is a staircase leading out of the dungeon here.
Are you sure you want to leave the Dungeon?
This will make you lose the game!
You have escaped!

.............# ......#♣♣♣...♣♣♣
.....#♣♣.......♣♣
.....♣♣.........♣♣
.....♣....♣.♣....♣
.....♣.....⌠.....♣
.....♣....♣.♣...♣#
#'###♣♣..........♣ ..#
♣♣.....♣#.@♣ ### ♣♣♣♣♣♣♣♣♣♣# # #
####### # #.....# # ######.....#
# #..........#
###..........###################
.............'.................#


There were no monsters in sight!

Vanquished Creatures
  A water moccasin (D:4)
  An ogre (D:4)
  A sleepcap (D:4)
  An orc wizard (D:3)
  Robin (D:3)
  3 adders
  An ufetubus (D:4)
  2 worms
  3 dart slugs
  5 orcs
  8 endoplasms
  3 giant cockroaches
  7 hobgoblins
  9 jackals (D:1)
  3 quokkas
  3 ball pythons
  9 bats
  A frilled lizard (D:3)
  8 goblins
  6 kobolds
  6 rats
82 creatures vanquished.

Notes
Turn   | Place    | Note
-------+----------+-------------------------------------------
     0 | D:1      | Alarkh the Demonspawn Chaos Knight began the quest for the
                  | Orb.
     0 | D:1      | Reached XP level 1. HP: 18/18 MP: 1/1
    18 | D:1      | XOM: silly message
    33 | D:1      | Reached skill level 3 in Unarmed Combat
   166 | D:1      | Gained mutation: You regenerate a little health from kills.
                  | [demonic ancestry]
   166 | D:1      | Reached XP level 2. HP: 22/24 MP: 2/2
   221 | D:1      | XOM: silly message
   306 | D:1      | Reached XP level 3. HP: 26/29 MP: 3/3
  1187 | D:2      | Reached skill level 4 in Unarmed Combat
  1299 | D:2      | Gained mutation: You are partially covered in sharp spines.
                  | [demonic ancestry]
  1299 | D:2      | Reached XP level 4. HP: 37/37 MP: 4/4
  1772 | D:3      | Noticed Robin
  1783 | D:3      | Killed Robin
  1816 | D:3      | Found a blossoming altar of Fedhas.
  1832 | D:3      | Gained mutation: You have large cloven feet. [demonic
                  | ancestry]
  1832 | D:3      | Reached XP level 5. HP: 42/42 MP: 5/5
  1884 | D:3      | Found a faded altar of an unknown god.
  2047 | D:4      | Noticed an ogre
  2055 | D:4      | Killed an ogre
  2056 | D:4      | Reached skill level 5 in Unarmed Combat
  2209 | D:4      | Noticed a water moccasin
  2217 | D:4      | Killed a water moccasin
  2218 | D:4      | Gained mutation: You are partially covered in icy blue
                  | scales. (AC +2) [demonic ancestry]
  2218 | D:4      | Reached XP level 6. HP: 43/49 MP: 4/6
  2387 | D:$      | Got out of the dungeon alive.

Illustrated notes

Levels and vault maps discovered:
D:1:      amcnicky_arrival_underground_garden, layout_basic, interstate_on_off
D:2:      layout_rooms, nicolae_elevator_lobby_plus
D:3:      layout_basic, general_overflow_altar,
          hellmonk_ecumenical_altar_run_dry, uniq_robin
D:4:      layout_basic

Skill      XL: |  1  2  3  4  5 |
---------------+----------------+-----
Unarmed Combat | 3 4 5 |  5.7
Fighting       | 4 |  4.8
Armour         | |  1.7
Dodging        | |  0.8

Action                     |  1- 3 |  4- 6 || total
---------------------------+-------+-------++-------
  Melee: Unarmed           |   179 |    81 ||   260
         Punch             |     4 |     6 ||    10
         Kick              |       |    12 ||    12
  Evoke: Piece from Xom's  |     4 |       ||     4
    Use: Scroll            |       |     2 ||     2
         Potion            |       |     1 ||     1
   Stab: Confused          |     1 |       ||     1
         Sleeping          |       |     1 ||     1
         Invisible         |       |     1 ||     1
 Armour: Leather armour    |    76 |    14 ||    90
  Dodge: Dodged            |   110 |    38 ||   148
